[Event "Early-Titled-Tuesday-Blitz-February-20-2024"]
[Site "Chess.com"]
[Date "2024.02.20"]
[Round "6"]
[White "CSB7"]
[Black "Manukyan_Artak"]
[Result "1-0"]
[WhiteElo "2774"]
[BlackElo "2550"]
[TimeControl "180+1"]
[EndTime "9:06:35 PST"]
[Termination "CSB7 won by resignation"]

1. d4 c6 2. c4 d5 3. Nf3 Nf6 4. Qc2 g6 5. Bf4 Bf5 6. Qb3 Qb6 7. c5 Qxb3 8. axb3 Nbd7 9. Nc3 a6 10. b4 Rc8 11. e3 Nh5 12. Kd2 Nxf4 13. exf4 Bh6 14. g3 O-O 15. Bd3 Bxd3 16. Kxd3 e6 17. Rhe1 Bg7 18. Re2 Nf6 19. Nd2 h5 20. h4 Rcd8 21.
Nb3 Rfe8 22. f3 Kf8 23. Na5 Re7 24. Na4 Ne8 25. Rae1 Rb8 26. Nb6 Nc7 27. g4 Nb5 28. Nb3 Bf6 29. Rh1 Kg7 30. g5 1-0

[Event "Early-Titled-Tuesday-Blitz-February-20-2024"]
[Site "Chess.com"]
[Date "2024.02.20"]
[Round "6"]
[White "sotochess"]
[Black "picturesquecheck"]
[Result "1-0"]
[WhiteElo "2633"]
[BlackElo "2437"]
[TimeControl "180+1"]
[EndTime "9:06:37 PST"]
[Termination "sotochess won by resignation"]

1. e4 c5 2. Nf3 d6 3. d4 cxd4 4.
Nxd4 Nf6 5. f3 e5 6. Bb5+ Bd7 7. Bxd7+ Qxd7 8. Nf5 d5 9. Bg5 dxe4 10. Bxf6 Qxd1+ 11. Kxd1 gxf6 12. fxe4 Nc6 13. Nd2 O-O-O 14. c3 h5 15. Ke2 Bh6 16. Nf3 Na5 17. Rad1 Rxd1 18. Rxd1 Bf8 19.
b4 Nc4 20. g3 Kc7 21. N3h4 a5 22. b5 Bc5 23. Rd5 b6 24. Kd3 Nb2+ 25. Kc2 Nc4 26. Kb3 Ne3 27. Rxc5+ bxc5 28. Nxe3 a4+ 29. Kc4 a3 30. Kxc5 Kb7 31. Kb4 Rd8 32. Nd5 Rg8 33. Nxf6 1-0

[Event "Early-Titled-Tuesday-Blitz-February-20-2024"]
[Site "Chess.com"]
[Date "2024.02.20"]
[Round "6"]
[White "invisible_s0ul"]
[Black "LeoLV10"]
[Result "0-1"]
[WhiteElo "2219"]
[BlackElo "2499"]
[TimeControl "180+1"]
[EndTime "9:06:50 PST"]
[Termination "LeoLV10 won by resignation"]

1. e4 c6 2. d4 d5 3. Nc3 dxe4 4. Nxe4 Nf6 5. Nxf6+ exf6 6. Nf3 Bd6 7. c3 O-O 8. Bd3 Re8+ 9. Be3 Nd7 10. O-O Nf8 11. Qc2 Be6 12. c4 Qd7 13. h3 Rad8 14. Rfe1 Ng6 15. Rad1 Bxh3 16. Bxg6 Qg4 17. Bxh7+ Kh8 18. Nh4 Qxh4 19. gxh3 g6 20. Bxg6 Rg8 21. Kf1 Rxg6 22. Ke2 Qh5+ 23. Kd2 Bb4+ 24. Kc1 Bxe1 25. Rxe1 Kg7 26.
Qe4 Qxh3 27. Qe7 Qd7 28. Qe4 Rh8 29. f4 Qe6 30. Qf3 Qxc4+ 31. Kb1 Qd3+ 32. Ka1 Qf5 0-1

[Event "Early-Titled-Tuesday-Blitz-February-20-2024"]
[Site "Chess.com"]
[Date "2024.02.20"]
[Round "6"]
[White "Der_Balak_3Halak"]
[Black "AttackSparrow"]
[Result "0-1"]
[WhiteElo "2442"]
[BlackElo "2621"]
[TimeControl "180+1"]
[EndTime "9:06:52 PST"]
[Termination "AttackSparrow won by resignation"]

1. e4 e5 2. Nf3 Nc6 3. Bb5 Nge7 4. c3 d5 5. exd5 Qxd5 6. Qe2 Bg4 7. Na3 O-O-O 8.
Nc4 e4 9. Ne3 exf3 10. Nxd5 fxe2 11. Ne3 Bh5 12. Bxe2 Bxe2 13. Kxe2 Ng6 14. d4 Bd6 15. g3 Rhe8 16. Kd3 Nce7 17. Bd2 c5 18.
Rac1 Kb8 19. d5 Ne5+ 20. Kc2 c4 21. b3 b5 22. Rb1 Ka8 23. f4 cxb3+ 24. Rxb3 Nc4 25.
Nxc4 bxc4 26. Rb5 Bc7 27. Rc5 Nxd5 28. Rxc4 Re2 29. Rd4 Bb6 0-1

[Event "Early-Titled-Tuesday-Blitz-February-20-2024"]
[Site "Chess.com"]
[Date "2024.02.20"]
[Round "6"]
[White "AlexeiShirov"]
[Black "ChainedDowntohell"]
[Result "1-0"]
[WhiteElo "2836"]
[BlackElo "2560"]
[TimeControl "180+1"]
[EndTime "9:06:53 PST"]
[Termination "AlexeiShirov won by resignation"]

1. e4 e6 2. d4 a6 3. f4 d5 4. e5 Bd7 5. Nc3 Bb4 6. Bd2 Nh6 7.
Nf3 O-O 8. Bd3 Bxc3 9. Bxc3 Bb5 10. Ng5 g6 11. h4 Kg7 12. h5 Rh8 13. hxg6 hxg6 14. Bxg6 Qe7 15. Bxf7 Nxf7 16. Rxh8 Nxh8 17. Qg4 Ng6 18. Nxe6+ Kf7 19. Qf5+ Ke8 20. Qxg6+ Kd7 21. Nc5+ Kc8 22. O-O-O b6 23. Qg8+ Be8 24. Qxd5 bxc5 25.
Qxa8 Bc6 26. Qa7 c4 27. d5 1-0

[Event "Early-Titled-Tuesday-Blitz-February-20-2024"]
[Site "Chess.com"]
[Date "2024.02.20"]
[Round "6"]
[White "Grande_Strategia"]
[Black "Chessdude1987"]
[Result "0-1"]
[WhiteElo "2510"]
[BlackElo "2324"]
[TimeControl "180+1"]
[EndTime "9:06:54 PST"]
[Termination "Chessdude1987 won by checkmate"]

1. f3 e5 2. Kf2 f5 3. g3 Nf6 4. Bg2 d5 5. e3 f4 6. Ne2 fxe3+ 7. dxe3 Bc5 8. Rf1 Nc6 9. Kg1 Be6 10. c3 Qd7 11. b4 Bb6 12. a4 a6 13. Na3 Bh3 14.
b5 axb5 15. axb5 Ne7 16. f4 Bxg2 17. Kxg2 O-O 18. fxe5 Ng4 19. Rxf8+ Rxf8 20. Nf4 Nxe5 21. Nc2 g5 22. Nh3 Qf5 23. Ba3 Qe4+ 24. Kg1 Nf3+ 25. Kg2 Ne1+ 26. Kg1 Qg2# 0-1

[Event "Early-Titled-Tuesday-Blitz-February-20-2024"]
[Site "Chess.com"]
[Date "2024.02.20"]
[Round "6"]
[White "carloseduar100"]
[Black "kleopl"]
[Result "1-0"]
[WhiteElo "2346"]
[BlackElo "2519"]
[TimeControl "180+1"]
[EndTime "9:06:56 PST"]
[Termination "carloseduar100 won by checkmate"]

1. e4 c5 2. Nf3 d6 3. Bc4 Nf6 4. Nc3 e6 5. O-O a6 6. a4 Be7 7. d3 O-O 8. h3 Nc6 9. Bg5 Rb8 10. Ne2 b5 11. axb5 axb5 12. Bb3 Na5 13. Ba2 c4 14. Re1 h6 15. Bh4 d5 16. e5 Nd7 17.
Bxe7 Qxe7 18. d4 Nc6 19. c3 Ra8 20. b3 Qa3 21. Qc2 g6 22. Nh4 Kg7 23. Nf4 Rg8 24.
Nhxg6 Nf8 25. Nh5+ Kh7 26. Nxf8+ Kh8 27. Qh7# 1-0

[Event "Early-Titled-Tuesday-Blitz-February-20-2024"]
[Site "Chess.com"]
[Date "2024.02.20"]
[Round "6"]
[White "tusplingher"]
[Black "DKmirl"]
[Result "1-0"]
[WhiteElo "2476"]
[BlackElo "2306"]
[TimeControl "180+1"]
[EndTime "9:06:57 PST"]
[Termination "tusplingher won by resignation"]

1. e4 c5 2. Nf3 Nc6 3. Bb5 g6 4. Bxc6 bxc6 5. d4 Bg7 6. dxc5 Qa5+ 7. Nbd2 Ba6 8. Rb1 Qxc5 9. b4 Qb6 10. c4 d6 11. O-O Nf6 12. Qc2 Nd7 13. Bb2 e5 14.
Ba3 Qc7 15. Rfd1 Bb7 16. c5 dxc5 17. bxc5 O-O 18. Nc4 Ba6 19. Nd6 Rab8 20. Qa4 Be2 21. Re1 Bxf3 22. gxf3 Rxb1 23. Rxb1 Rb8 24. Rxb8+ Nxb8 25. Qc4 Bf8 26. Qb3 Kg7 27. Ne8+ Kh6 28. Nxc7 1-0

[Event "Early-Titled-Tuesday-Blitz-February-20-2024"]
[Site "Chess.com"]
[Date "2024.02.20"]
[Round "6"]
[White "NovozhilovSemen"]
[Black "Triumphmate"]
[Result "0-1"]
[WhiteElo "2654"]
[BlackElo "2528"]
[TimeControl "180+1"]
[EndTime "9:07:01 PST"]
[Termination "Triumphmate won by resignation"]

1. d4 d5 2. c4 e6 3. Nf3 Nf6 4. g3 Be7 5. Bg2 O-O 6. O-O dxc4 7. Qc2 c5 8. Rd1 Nc6 9. dxc5 Nb4 10. Qa4 Nfd5 11. Ne5 Qc7 12. Nxc4 b5 13. Qxb5 Ba6 14. Qa5 Bxc4 15. Qxc7 Nxc7 16. Bxa8 Rxa8 17. Rd7 Ncd5 18.
Na3 Bxe2 19. Be3 Bf6 20. Re1 Ba6 21. Rd6 Be7 22. Rd7 Bc8 0-1

[Event "Early-Titled-Tuesday-Blitz-February-20-2024"]
[Site "Chess.com"]
[Date "2024.02.20"]
[Round "6"]
[White "Cheer_Down"]
[Black "AmanteDeMoi"]
[Result "1-0"]
[WhiteElo "2437"]
[BlackElo "2601"]
[TimeControl "180+1"]
[EndTime "9:07:04 PST"]
[Termination "Cheer_Down won by checkmate"]

1. e4 g6 2. d4 Bg7 3. Nc3 c6 4. Nf3 d5 5. h3 dxe4 6. Nxe4 Nd7 7. Bd3 Ngf6 8. Nxf6+ Nxf6 9. O-O O-O 10. Re1 Qc7 11. Be3 c5 12. dxc5 Nd7 13. b4 Bxa1 14. Qxa1 e5 15. Bh6 Re8 16. Bc4 Nf8 17. Rxe5 Be6 18. Re3 f5 19. Rxe6 Nxe6 20. Ng5 Qf4 21. Qg7# 1-0

[Event "Early-Titled-Tuesday-Blitz-February-20-2024"]
[Site "Chess.com"]
[Date "2024.02.20"]
[Round "6"]
[White "Egor_Koshulyan"]
[Black "IndianSchoolOfSuffering"]
[Result "1-0"]
[WhiteElo "2622"]
[BlackElo "2434"]
[TimeControl "180+1"]
[EndTime "9:07:06 PST"]
[Termination "Egor_Koshulyan won by resignation"]

1. e4 c6 2. d4 d5 3. e5 Bf5 4. Nf3 e6 5. Be2 Nd7 6. O-O Ne7 7. a4 a6 8. a5 h6 9. Nbd2 Bg6 10. c3 Nf5 11. b4 Be7 12. Nb3 O-O 13. Nc5 Bxc5 14. bxc5 f6 15. Bf4 fxe5 16. Nxe5 Nxe5 17. Bxe5 Ne7 18.
Qb3 Qd7 19. Ra2 Bf5 20. Rb2 Ra7 21. Qb6 Nc8 22. Qc7 Qxc7 23. Bxc7 Rf7 24. Be5 Ne7 25. Bb8 Ra8 26. Rxb7 Ng6 27. Rb6 e5 28. Bxa6 exd4 29.
cxd4 Kh7 30. Ra1 1-0

[Event "Early-Titled-Tuesday-Blitz-February-20-2024"]
[Site "Chess.com"]
[Date "2024.02.20"]
[Round "6"]
[White "KetiTsatsalashvili"]
[Black "SaqoChess_Twitch"]
[Result "1-0"]
[WhiteElo "2445"]
[BlackElo "2627"]
[TimeControl "180+1"]
[EndTime "9:07:06 PST"]
[Termination "KetiTsatsalashvili won by checkmate"]

1. d4 d5 2. Nf3 Nf6 3. c4 e6 4. Nc3 Be7 5. Bf4 c5 6. cxd5 Nxd5 7. Nxd5 exd5 8. e3 O-O 9. Bd3 h6 10. O-O c4 11. Bc2 b5 12. Ne5 Bb7 13. Bxh6 Nc6 14.
Qg4 Bf6 15. Qf5 Re8 16. Bxg7 Bxg7 17. Qxf7+ Kh8 18. Ng6+ Kh7 19. Ne7+ Kh8 20. Qh5+ Bh6 21.
Qxh6# 1-0

[Event "Early-Titled-Tuesday-Blitz-February-20-2024"]
[Site "Chess.com"]
[Date "2024.02.20"]
[Round "6"]
[White "Jakuboss22005"]
[Black "mjelcic"]
[Result "0-1"]
[WhiteElo "2464"]
[BlackElo "2215"]
[TimeControl "180+1"]
[EndTime "9:07:09 PST"]
[Termination "mjelcic won by checkmate"]

1. e4 g6 2. h4 Bg7 3. h5 gxh5 4. Qxh5 Nc6 5. Nf3 Nf6 6. Qg5 Rg8 7. Qh4 d6 8. c3 Bg4 9. Bb5 Qd7 10. d3 a6 11.
Ba4 b5 12. Bc2 O-O-O 13. Be3 Kb7 14. Nbd2 e5 15. a4 b4 16. Nc4 Bxf3 17. gxf3 d5 18. exd5 Nxd5 19. Qe4 f5 20. Qh4 Bf6 21. Qxh7 Rg7 22. Qh6 bxc3 23. bxc3 Nxe3 24. Qxe3 Qd5 25. Rb1+ Kc8 26. Ke2 e4 27. fxe4 fxe4 28. Qh3+ Rdd7 29. Ne3 exd3+ 30. Bxd3 Qxd3+ 31. Ke1 Bxc3# 0-1

[Event "Early-Titled-Tuesday-Blitz-February-20-2024"]
[Site "Chess.com"]
[Date "2024.02.20"]
[Round "6"]
[White "cthake"]
[Black "pauliukevicius"]
[Result "0-1"]
[WhiteElo "1779"]
[BlackElo "2345"]
[TimeControl "180+1"]
[EndTime "9:07:12 PST"]
[Termination "pauliukevicius won by resignation"]

1. e4 e5 2. Nf3 Nc6 3. Nc3 Nf6 4. g3 Be7 5. Bg2 d5 6. exd5 Nxd5 7. d3 Nxc3 8. bxc3 O-O 9. O-O Be6 10. Re1 Bf6 11. a4 e4 12. Nd4 Nxd4 13. cxd4 Bxd4 14. Rb1 exd3 15. Qxd3 c6 16. Rxb7 Bb6 17. Qxd8 Raxd8 18. Bxc6 Rc8 19. Bd7 Rxc2 20. Bxe6 Bxf2+ 21. Kf1 Bxe1 22. Ba3 Bb4 23. Bf5 Rc5 24. Bxb4 Rxf5+ 25. Kg2 Re8 26. Rxa7 h6 27. a5 Re4 28. Ra8+ Kh7 29. Bd6 Re2+ 30. Kh3 h5 31. a6 g5 32. g4 Rf3+ 33. Bg3 h4 34. a7 Ra2 35. Rf8 hxg3 36. Rxf7+ Rxf7 0-1

[Event "Early-Titled-Tuesday-Blitz-February-20-2024"]
[Site "Chess.com"]
[Date "2024.02.20"]
[Round "6"]
[White "Jamal-Jamal-Jamal"]
[Black "nicolasbatista3"]
[Result "1-0"]
[WhiteElo "2283"]
[BlackElo "2406"]
[TimeControl "180+1"]
[EndTime "9:07:12 PST"]
[Termination "Jamal-Jamal-Jamal won by checkmate"]

1. d4 d5 2. f3 Nf6 3. e4 dxe4 4. fxe4 Nxe4 5. Nc3 Nxc3 6. bxc3 Bf5 7. Nf3 e6 8. Bd3 Bg6 9. O-O Be7 10. Rb1 b6 11.
Ne5 O-O 12. Qf3 Nd7 13. Nc6 Qe8 14. Ba6 Nf6 15. Bb7 Be4 16. Nxe7+ Qxe7 17. Bxe4 Nxe4 18.
Qxe4 Rad8 19. Bf4 c5 20. h3 cxd4 21. cxd4 Qa3 22. Be5 Qxa2 23. Ra1 Qc4 24. Rxa7 f6 25. Qb7 fxe5 26. Qxg7# 1-0

[Event "Early-Titled-Tuesday-Blitz-February-20-2024"]
[Site "Chess.com"]
[Date "2024.02.20"]
[Round "6"]
[White "Predator0608"]
[Black "ChEsper99"]
[Result "0-1"]
[WhiteElo "2580"]
[BlackElo "2237"]
[TimeControl "180+1"]
[EndTime "9:07:14 PST"]
[Termination "ChEsper99 won by resignation"]

1. f4 d5 2. Nf3 g6 3. g3 Bg7 4. Bg2 Nf6 5. d3 O-O 6. O-O c5 7. Qe1 Nc6 8. e4 dxe4 9. dxe4 e5 10. Nc3 Re8 11. Rf2 Bg4 12. f5 Bxf3 13. Bxf3 Nd4 14. Qf1 h6 15. fxg6 fxg6 16. Bd1 Rf8 17. Be3 b5 18.
Nxb5 Nxe4 19. Rxf8+ Qxf8 20. Qc4+ Kh7 21. c3 Nf3+ 22.
Kh1 Qf5 23. Qe2 Nxg3+ 0-1

[Event "Early-Titled-Tuesday-Blitz-February-20-2024"]
[Site "Chess.com"]
[Date "2024.02.20"]
[Round "6"]
[White "Viacheslav92"]
[Black "AlexPapasimakopoulos"]
[Result "0-1"]
[WhiteElo "2546"]
[BlackElo "2763"]
[TimeControl "180+1"]
[EndTime "9:07:26 PST"]
[Termination "AlexPapasimakopoulos won by resignation"]

1. e4 e6 2. Nf3 d5 3. e5 c5 4. g3 Nc6 5. Bg2 f6 6. Qe2 fxe5 7. Nxe5 Nf6 8. O-O Bd6 9. Nxc6 bxc6 10. c4 O-O 11. d3 e5 12. Nc3 Bg4 13. Qe1 d4 14. Ne4 Nxe4 15. Bxe4 Bh3 16. Bg2 Bxg2 17. Kxg2 Qd7 18. Qe4 Rf6 19. Bg5 Rf7 20. Bd2 Raf8 21. Rae1 h5 22. f3 Bc7 23. b3 Qf5 24. Qxf5 Rxf5 25.
Re4 a5 26. h3 a4 27. b4 Rb8 28. a3 Bd6 29. Rb1 cxb4 30. axb4 Rf7 31. c5 Bc7 32.
Ra1 Ra8 33. Ra3 Raf8 34. f4 exf4 35. gxf4 g5 36. Rxa4 gxf4 37. Kf3 Rg7 38. Be1 Rg1 39. Bf2 Rh1 40. Kg2 Rd1 41. Kf3 Rxd3+ 42. Ke2 Rxh3 43. Ra7 f3+ 44. Ke1 Bg3 45. Bxg3 Rxg3 46. Ra2 Rg1+ 47. Kf2 Rg2+ 0-1

[Event "Early-Titled-Tuesday-Blitz-February-20-2024"]
[Site "Chess.com"]
[Date "2024.02.20"]
[Round "6"]
[White "szachuspl"]
[Black "Svet_1502"]
[Result "1-0"]
[WhiteElo "2506"]
[BlackElo "2236"]
[TimeControl "180+1"]
[EndTime "9:07:26 PST"]
[Termination "szachuspl won by checkmate"]

1. d4 Nf6 2. c4 g6 3. Nc3 d5 4. Nf3 Bg7 5. Bg5 Ne4 6. cxd5 Nxg5 7. Nxg5 e6 8. Nf3 exd5 9. e3 O-O 10. Be2 Bg4 11. Qb3 Nc6 12. Qxd5 Qe7 13. Qb3 Bxf3 14. gxf3 b6 15. O-O Qh4 16. f4 Ne7 17. Bf3 Rad8 18. Ne4 Nf5 19. Ng3 c5 20. dxc5 bxc5 21. Rad1 Rde8 22.
Nxf5 gxf5 23. Qd5 Re6 24. Qxf5 Rh6 25. h3 Rg6+ 26. Kh2 Re8 27. Rd7 Rf6 28. Qg4 Qxg4 29. hxg4 Rh6+ 30. Kg2 Bxb2 31. g5 Rb6 32. Bd5 Rf8 33.
Rb1 Rb4 34. f5 Kg7 35. f4 h6 36. f6+ Kg8 37. gxh6 Rb6 38. h7+ Kxh7 39. Bxf7 Kh6 40. Rh1# 1-0

[Event "Early-Titled-Tuesday-Blitz-February-20-2024"]
[Site "Chess.com"]
[Date "2024.02.20"]
[Round "6"]
[White "RantomOpening"]
[Black "GelmanAlexander"]
[Result "1-0"]
[WhiteElo "2555"]
[BlackElo "2742"]
[TimeControl "180+1"]
[EndTime "9:07:28 PST"]
[Termination "RantomOpening won by resignation"]

1. c4 c5 2. Nf3 d6 3. Nc3 e6 4. d4 cxd4 5. Nxd4 Nf6 6. g3 a6 7.
Bg2 Be7 8. b3 Qc7 9. Bb2 O-O 10.
O-O Nbd7 11. e4 Ne5 12. f4 Ng6 13. f5 Ne5 14. fxe6 fxe6 15. Bh3 Qb6 16. Kh1 Nxc4 17. Na4 Nxb2 18. Nxb6 Nxd1 19. Raxd1 e5 20. Nxc8 Raxc8 21. Bxc8 Rxc8 22. Nf5 Bf8 23. Nxd6 Rc2 24. Nc4 Rxa2 25.
Nxe5 Bc5 26. Rd8+ Bf8 27. Rxf6 gxf6 28. Nd7 Rb2 29. Rxf8+ Kg7 30. Rb8 Rxb3 31. Nc5 Rb1+ 32. Kg2 a5 33. Rxb7+ Rxb7 34. Nxb7 a4 35. Nc5 a3 36.
Kf2 a2 37. Nb3 Kg6 38. Ke3 Kg5 39. h3 f5 40. e5 h5 41. Kf3 1-0

[Event "Early-Titled-Tuesday-Blitz-February-20-2024"]
[Site "Chess.com"]
[Date "2024.02.20"]
[Round "6"]
[White "DmitriiZakurdaev"]
[Black "Felix-Rose"]
[Result "1-0"]
[WhiteElo "2444"]
[BlackElo "2274"]
[TimeControl "180+1"]
[EndTime "9:07:28 PST"]
[Termination "DmitriiZakurdaev won by resignation"]

1. d4 d5 2. c4 e6 3. Nc3 Nf6 4. Nf3 Be7 5. Bf4 O-O 6. e3 b6 7. cxd5 Nxd5 8. Nxd5 Qxd5 9. Be2 Qa5+ 10. Nd2 c5 11. O-O cxd4 12. Nb3 Qf5 13. Bf3 e5 14. Bxa8 exf4 15. Nxd4 Qf6 16. Qf3 Bc5 17. Rfd1 Rd8 18.
Nb3 Rxd1+ 19. Rxd1 Be6 20. Qxf4 Qxf4 21. Rd8+ Bf8 22.
exf4 Nd7 23. Nd4 Nc5 24. Nxe6 Nxe6 25. Rd7 a5 26. Bd5 Nxf4 27. Bxf7+ Kh8 28. Rd8 g5 29. Rxf8+ Kg7 30. Rb8 Kxf7 31. Rxb6 1-0

[Event "Early-Titled-Tuesday-Blitz-February-20-2024"]
[Site "Chess.com"]
[Date "2024.02.20"]
[Round "6"]
[White "LuisFSiles"]
[Black "ExtremeLearner"]
[Result "1-0"]
[WhiteElo "2328"]
[BlackElo "2581"]
[TimeControl "180+1"]
[EndTime "9:07:29 PST"]
[Termination "LuisFSiles won by resignation"]

1. e4 c5 2. Nf3 e6 3. c3 d5 4.
exd5 Qxd5 5. d4 Nf6 6. a3 Nc6 7. Be3 cxd4 8. cxd4 Be7 9. Nc3 Qa5 10. Bd3 O-O 11. O-O Rd8 12. Qe2 a6 13. Rad1 b5 14.
Ne5 Bb7 15. Bb1 b4 16. axb4 Nxb4 17. Bg5 Nbd5 18. Rfe1 h6 19. Nxf7 hxg5 20. Qxe6 g6 21. Nxd8+ Kh8 22. Nxb7 Qc7 23. Nxd5 1-0

[Event "Early-Titled-Tuesday-Blitz-February-20-2024"]
[Site "Chess.com"]
[Date "2024.02.20"]
[Round "6"]
[White "sergoy"]
[Black "Kobalia"]
[Result "1-0"]
[WhiteElo "2991"]
[BlackElo "2793"]
[TimeControl "180+1"]
[EndTime "9:07:31 PST"]
[Termination "sergoy won by resignation"]

1. d4 d5 2. c4 c6 3. Nf3 Nf6 4. Nc3 a6 5. e3 e6 6. Qc2 c5 7. cxd5 exd5 8. dxc5 Bxc5 9. Be2 O-O 10. O-O Nc6 11. a3 Bg4 12. Rd1 Ba7 13. h3 Bh5 14.
Qb3 d4 15. Qxb7 Na5 16. Qb4 Rb8 17. Qa4 Nb3 18. Rb1 Bxf3 19. Bxf3 dxc3 20. Rxd8 c2 21. Rxf8+ Kxf8 22. Be4 cxb1=Q 23. Bxb1 Nxc1 24. Qxa6 Bc5 25. b4 Nb3 26. Qc4 1-0

[Event "Early-Titled-Tuesday-Blitz-February-20-2024"]
[Site "Chess.com"]
[Date "2024.02.20"]
[Round "6"]
[White "K_A_S_T_O_R"]
[Black "BilicVladimir"]
[Result "1-0"]
[WhiteElo "2853"]
[BlackElo "2650"]
[TimeControl "180+1"]
[EndTime "9:07:31 PST"]
[Termination "K_A_S_T_O_R won by resignation"]

1. e4 e6 2. d4 d5 3. Nc3 Nf6 4. e5 Nfd7 5. Nce2 c5 6. f4 cxd4 7. Nxd4 Nc6 8. c3 Qb6 9. Ngf3 Bc5 10. Be2 Nxd4 11. cxd4 Bb4+ 12. Bd2 Bxd2+ 13. Qxd2 Nb8 14. O-O Nc6 15. Rfc1 Bd7 16. Rc5 O-O 17. Rac1 Rac8 18. Kf2 f6 19. Kg1 fxe5 20. fxe5 Ne7 21. Bd3 Rxc5 22.
Rxc5 Rc8 23. Qc2 g6 24. a3 Rxc5 25. Qxc5 Qxc5 26. dxc5 b6 27. cxb6 axb6 28. b4 Nc6 29. Kf2 Kg7 30. Ke3 h6 31. h4 Be8 32. Kf4 Bd7 33. Bb5 Nb8 34. Nd4 Bxb5 35. Nxb5 Kf7 36. Nd6+ Ke7 37. Nc8+ Kd7 38. Nxb6+ Kc6 39. Na4 Kb5 40. Nc5 Kc4 41. Nxe6 d4 42. Nxd4 Kxd4 43. e6 Nc6 44. b5 Ne7 45. b6 Nd5+ 46. Kf3 Ne7 1-0

[Event "Early-Titled-Tuesday-Blitz-February-20-2024"]
[Site "Chess.com"]
[Date "2024.02.20"]
[Round "6"]
[White "Beca95"]
[Black "NikitaShnadrygin"]
[Result "1-0"]
[WhiteElo "2888"]
[BlackElo "2704"]
[TimeControl "180+1"]
[EndTime "9:07:32 PST"]
[Termination "Beca95 won by resignation"]

1. e4 c5 2. Nc3 e6 3. Nge2 Nc6 4. g3 Nf6 5. Bg2 d5 6. exd5 exd5 7. d4 cxd4 8. Nxd4 Bc5 9. Nb3 Qe7+ 10. Qe2 Qxe2+ 11.
Kxe2 Bb6 12. Nxd5 Nxd5 13. Bxd5 O-O 14. Bf4 Nb4 15. Be4 Re8 16. Kf3 f5 17. Bd3 Nxd3 18.
cxd3 Bd7 19. Rhc1 Bc6+ 20. Rxc6 bxc6 21. Be3 Rad8 22. d4 Rd5 23. Rc1 Re6 24. Rc4 Kf7 25.
h4 Rb5 26. Ke2 f4 27. gxf4 Rh5 28. Nd2 Rxh4 29. Nf3 Rh5 30. Ng5+ Rxg5 31. fxg5 h5 32. f4 Kg6 33. Kf3 Kf5 34. a4 a5 35. b4 axb4 36. a5 c5 37. axb6 1-0

[Event "Early-Titled-Tuesday-Blitz-February-20-2024"]
[Site "Chess.com"]
[Date "2024.02.20"]
[Round "6"]
[White "Jojo_898"]
[Black "MKlose11"]
[Result "1-0"]
[WhiteElo "2474"]
[BlackElo "2615"]
[TimeControl "180+1"]
[EndTime "9:07:34 PST"]
[Termination "Jojo_898 won by resignation"]

1. e4 e6 2. d4 d5 3. Nd2 Be7 4. Ngf3 Nf6 5. Bd3 c5 6. exd5 exd5 7. dxc5 O-O 8. Nb3 Nc6 9. O-O a5 10. a4 Bg4 11. h3 Bh5 12. Be2 Ne4 13. Be3 Rc8 14.
c3 Bg6 15. Nfd4 Nxc5 16. Nxc6 Rxc6 17. Nxc5 Rxc5 18. Bxc5 Bxc5 19. Bf3 Qb6 20. Qd2 Rd8 21. Rad1 h6 22. Bxd5 Kh8 23. c4 Re8 24. Rfe1 Rxe1+ 25.
Rxe1 Bb4 26. Re8+ Kh7 27. Qe2 Bc5 28. Qf3 Qc7 29. Bxb7 Bd6 30. Bd5 Be5 31. b3 Bf6 32. Be4 Qd7 33. Bxg6+ fxg6 34. Re3 Qd2 35. g3 Qd7 36. Qe4 Qxh3 37. Rf3 Qd7 38. Qd5 Qe7 39. c5 h5 40. c6 g5 41. Qf5+ Kh6 42. Re3 Qd6 43.
Qd7 Qc5 44. c7 Qc1+ 45. Kg2 h4 46. c8=Q h3+ 47. Qxh3+ 1-0

[Event "Early-Titled-Tuesday-Blitz-February-20-2024"]
[Site "Chess.com"]
[Date "2024.02.20"]
[Round "6"]
[White "inagreV"]
[Black "MaxLeto"]
[Result "1-0"]
[WhiteElo "2381"]
[BlackElo "2545"]
[TimeControl "180+1"]
[EndTime "9:07:36 PST"]
[Termination "inagreV won by checkmate"]

1. e4 c5 2. Nf3 d6 3. d4 cxd4 4. Nxd4 Nf6 5. Nc3 a6 6. Nf3 Nc6 7. Bf4 e5 8. Bg5 Be7 9. Bxf6 Bxf6 10. Nd5 O-O 11. c3 Bg5 12. h4 Bh6 13. Be2 f5 14.
exf5 Bxf5 15. a4 Kh8 16. Nd2 Ne7 17. Nc4 Ng6 18. Ndb6 Nxh4 19. Nxa8 Nxg2+ 20. Kf1 Be4 21. Rxh6 gxh6 22. Nab6 Qh4 23. f3 Qg3 24. Qxd6 Rxf3+ 25.
Bxf3 Qxf3+ 26. Kg1 Nf4 27. Qf8# 1-0

[Event "Early-Titled-Tuesday-Blitz-February-20-2024"]
[Site "Chess.com"]
[Date "2024.02.20"]
[Round "6"]
[White "Hikaru"]
[Black "xamax2000"]
[Result "0-1"]
[WhiteElo "3253"]
[BlackElo "2889"]
[TimeControl "180+1"]
[EndTime "9:07:37 PST"]
[Termination "xamax2000 won by resignation"]

1. h4 d5 2. d4 Nf6 3. Bf4 c5 4. e3 Nc6 5. c3 Qb6 6. Qb3 c4 7. Qc2 Bf5 8. Qc1 e6 9. f3 h5 10. Nd2 Be7 11. Be2 Qd8 12. Bd1 e5 13. Bg3 O-O 14. Ne2 Re8 15. a3 exd4 16. Nxd4 Nxd4 17. cxd4 Bd6 18. Bxd6 Rxe3+ 19. Kf2 Qxd6 20. Nf1 Re7 21.
Ng3 Bd3 22. Qd2 Rae8 23. Rc1 Re3 24. Rh3 Qf4 0-1

[Event "Early-Titled-Tuesday-Blitz-February-20-2024"]
[Site "Chess.com"]
[Date "2024.02.20"]
[Round "6"]
[White "davigator"]
[Black "abeljusto"]
[Result "1-0"]
[WhiteElo "2355"]
[BlackElo "2095"]
[TimeControl "180+1"]
[EndTime "9:07:37 PST"]
[Termination "davigator won on time"]

1. e4 c5 2. Nf3 Nc6 3. d4 cxd4 4. Nxd4 Nf6 5. Nc3 d6 6. Bg5 Bd7 7. f3 Rc8 8. Nb3 a6 9. Qd2 Ne5 10. O-O-O Nc4 11. Bxc4 Rxc4 12. Kb1 e6 13. h4 h6 14. Bf4 e5 15. Be3 Be6 16. g4 Be7 17. g5 hxg5 18. hxg5 Rxh1 19. Rxh1 Nd7 20. Rh7 g6 21. Nd5 Nf8 22.
Rh8 b5 23. Na5 Bxd5 24. exd5 Rc7 25. Nc6 Qd7 26. b3 Rxc6 27. dxc6 Qxc6 28. Qe2 d5 29. Bc1 e4 30. fxe4 dxe4 31. Rh4 Ne6 32. Rxe4 Kf8 33. Rg4 Qd5 34. Qg2 Qxg2 35. Rxg2 1-0

[Event "Early-Titled-Tuesday-Blitz-February-20-2024"]
[Site "Chess.com"]
[Date "2024.02.20"]
[Round "6"]
[White "traviscottofficial"]
[Black "noblerone"]
[Result "1-0"]
[WhiteElo "2748"]
[BlackElo "2530"]
[TimeControl "180+1"]
[EndTime "9:07:38 PST"]
[Termination "traviscottofficial won by resignation"]

1. c4 c6 2. Nc3 d5 3. e3 Nf6 4. Nf3 a6 5. Be2 b5 6. b3 Bg4 7. O-O e6 8. Bb2 Bd6 9. h3 Bxf3 10.
Bxf3 O-O 11. Qc2 Nbd7 12. a4 b4 13. Na2 a5 14. Nc1 Ne5 15. Be2 Ne4 16. d3 Nf6 17. e4 dxe4 18. dxe4 Ng6 19. Rd1 Qc7 20.
Bf1 Be5 21. Nd3 Bxb2 22. Nxb2 Rad8 23. g3 Ne5 24. Bg2 c5 25. f4 Nc6 26. e5 Nh5 27. Bxc6 Qxc6 28. Qg2 Qc7 29. Qf3 g6 30. Kf2 Rxd1 31.
Rxd1 Rd8 32. Rd3 Rd7 33. g4 Ng7 34. Qa8+ 1-0